 Dungeon Crawl Stone Soup version 0.22-a0-161-g198051c (webtiles) character file.

48 wolfsongas the Sneak (level 3, -1/21 HPs)
             Began as an Octopode Enchanter on Feb 11, 2018.
             Slain by a worm (10 damage)
             ... on level 2 of the Dungeon.
             The game lasted 00:02:44 (1264 turns).

wolfsongas the Sneak (Octopode Enchanter)           Turns: 1264, Time: 00:02:44

Health: -1/21      AC:  1    Str:  6 (7)  XL:     3   Next: 72%
Magic:  4/6        EV: 13    Int: 14 (17) God:
Gold:   68         SH:  0    Dex: 11 (13) Spells: 3/6 levels left

rFire    . . .     SeeInvis .   a - +2 dagger
rCold    . . .     Gourm    .   (no shield)
rNeg     . . .     Faith    .   (helmet restricted)
rPois    .         Spirit   .   (no amulet)
rElec    .         Reflect  .   (no ring)
rCorr    .         Harm     .   (no ring)
MR       .....                  (no ring)
Stlth    ++++......             (no ring)
HPRegen  0.07/turn              (no ring)
MPRegen  0.10/turn              (no ring)
                                (no ring)
                                (no ring)

@: very slightly contaminated
A: almost no armour, stealthy swim, amphibious, 8 rings, constrict 8, camouflage
1, gelatinous body 1
a: no special abilities


You were on level 2 of the Dungeon.
You were not hungry.

You visited 1 branch of the dungeon, and saw 2 of its levels.

You collected 68 gold pieces.

Inventory:

Hand Weapons
 a - a +2 dagger (weapon)
Jewellery
 e - an uncursed ring of poison resistance {unknown}
Books
 b - a book of Maledictions

   Spells                             Type                      Level
   a - Corona                         Hexes                        1
   b - Ensorcelled Hibernation        Hexes/Ice                    2
   c - Confuse                        Hexes                        3
   d - Tukima's Dance                 Hexes                        3
   e - Dazzling Spray                 Conjuration/Hexes            3
Comestibles
 c - 2 rations
 d - 4 chunks of flesh


   Skills:
 + Level 2.4 Short Blades
 - Level 2.0 Dodging
 * Level 4.8 Stealth
 + Level 2.4 Spellcasting
 - Level 3.0 Hexes


You had 3 spell levels left.
You knew the following spells:

 Your Spells              Type           Power        Failure   Level  Hunger
a - Corona                Hex            ##.....      7%          1    #......
b - Ensorcelled Hibernat  Hex/Ice        #.....       19%         2    ###....


Dungeon Overview and Level Annotations

Branches:
Dungeon (2/15)

Altars:


Innate Abilities, Weirdness & Mutations

You cannot wear most types of armour.
You are very stealthy in the water. (Stealth+)
You are amphibious.
You can wear up to eight rings at the same time.
You can use your tentacles to constrict eight enemies at once.
Your skin changes colour to match your surroundings (Stealth+).
Your rubbery body absorbs attacks. (AC +1, EV +1)


Message History

e - a knobbly emerald ring The worm bites you!
Casting: Ensorcelled Hibernation (safe; 19% risk of failure)
Confirm with . or Enter, or press ? or * to list all spells.
Aiming: Ensorcelled Hibernation (safe; 19% risk of failure)
Press: ? - help, Shift-Dir - straight line, f - worm
Aim: a worm (chance to defeat MR: 46%)
You miscast Ensorcelled Hibernation.
You are very lightly contaminated with residual magic.
Your tentacles glow momentarily.
You hit the worm but do no damage. You grab the worm.
You constrict the worm, but do no damage.
The worm bites you.
You hit the worm.
The worm is moderately wounded.
You constrict the worm, but do no damage.
You hit the worm. You squeeze the worm.
The worm is severely wounded.
You constrict the worm. The worm bites you!
You die...

####.##.##
#.###.# ##
#.# #.# #.#
#.#
#.###.##.#
##'##
#..<.....#
##...##
#####.####
##.....##
#.#
##.......##
#.#
#.........#
#.#
+......@..+
#.#
#.....w...#
...
##.......##
#.#
##...?.##
##...##
##+#


You could see a worm.

Vanquished Creatures
  An ooze (D:1)
  2 dart slugs
  2 leopard geckos (D:1)
  5 goblins
  5 hobgoblins (D:1)
  6 jackals (D:1)
  A kobold (D:1)
  5 bats (D:1)
  4 frilled lizards
  3 rats (D:1)
34 creatures vanquished.

Notes
Turn   | Place    | Note
-------+----------+-------------------------------------------
     0 | D:1      | wolfsongas the Octopode Enchanter began the quest for the Orb.
     0 | D:1      | Reached XP level 1. HP: 11/11 MP: 3/3
   276 | D:1      | Reached XP level 2. HP: 12/17 MP: 5/5
   574 | D:1      | Learned a level 2 spell: Ensorcelled Hibernation
   675 | D:1      | Reached XP level 3. HP: 21/21 MP: 6/6
  1264 | D:2      | Slain by a worm

Vault maps used:
D:1:      mainiacjoe_arrival_reflecting_pool
D:2:      amethyst_killhole, grunt_ministairs_15, serial_bayou_pond_a

Skill      XL: |  1  2 |
---------------+-------+-----
Short Blades   | 2 |  2.4
Dodging        | |  2.0
Stealth        | |  4.8
Spellcasting   | |  2.4
Hexes          | |  3.0

Action                   || total
-------------------------++-------
Melee: Dagger            ||   111
       Constrict         ||    20
       Tentacles         ||    12
 Cast: Ensorcelled Hiber ||     1
  Use: Potion            ||     2
       Scroll            ||     1
 Stab: Sleeping          ||     3
  Eat: Chunk             ||     1
Armor: Skin              ||    38
Dodge: Dodged            ||    65

Table legend:
 A = Spawn XP
 B = Non-spawn XP
 C = Spawn XP percentage of total XP
 D = Spawn monster count
 E = Non-spawn monster count
 F = Spawn count percentage of total count
 G = Total turns spent on level
                    A         B        C        D         E        F      G
               +---------+---------+-------+---------+---------+-------+---------
         Total |       0 |      69 |   0.0 |       0 |      34 |   0.0 |  1264
               +---------+---------+-------+---------+---------+-------+---------
           D:1 |       0 |      62 |   0.0 |       0 |      31 |   0.0 |  1200
           D:2 |       0 |       7 |   0.0 |       0 |       3 |   0.0 |    64
               +---------+---------+-------+---------+---------+-------+---------
